 Dungeon Crawl Stone Soup version 0.30.0-29-ga12c61a403 (webtiles) character file.

Game seed: 18443936958366415630

22 shadowstone the Conjurer (level 2, 0/11 HPs)
             Began as a Felid Conjurer on June 10, 2023.
             Slain by a worm (9 damage)
             ... on level 2 of the Dungeon.
             The game lasted 00:03:04 (874 turns).

shadowstone the Conjurer (Felid Conjurer)            Turns: 874, Time: 00:03:10

Health: 0/11       AC:  1    Str:  3    XL:     2   Next: 68%
Magic:  5/6        EV: 17    Int: 19    God:
Gold:   53         SH:  0    Dex: 14    Spells: 4/5 levels left
                                        Lives:  0   Deaths: 0

rFire   . . .        (weapon unavailable)
rCold   . . .        (shield unavailable)
rNeg    . . .        (body armour unavailable)
rPois   .            (helmet unavailable)
rElec   .            (cloak unavailable)
rCorr   .            (gloves unavailable)
SInv    +            (boots unavailable)
Will    .....        (no amulet)
Stlth   ++           (no ring)
HPRegen 0.21/turn    (no ring)
MPRegen 0.10/turn

%: no passive effects
@: quick
A: very small, claws 1, fangs 3, see invisible, speed 1, shaggy fur 1, stealthy
paws, no weapons or thrown items, no armour, multi-lived
a: no special abilities


You were on level 2 of the Dungeon.
You visited 1 branch of the dungeon, and saw 2 of its levels.

You collected 53 gold pieces.

Inventory:

Scrolls
 d - a scroll of amnesia {unknown}
Potions
 a - a potion of magic
 b - a potion of curing {unknown}
 c - a potion of degeneration {unknown}


   Skills:
 + Level 2.8 Dodging
 + Level 3.1 Stealth
 + Level 0.3 Unarmed Combat
 + Level 2.0 Spellcasting
 + Level 4.1 Conjurations


You had 4 spell levels left.
You knew the following spells:

 Your Spells              Type           Power      Damage    Failure   Level
a - Magic Dart            Conj           68%        1d6       3%          1

Your spell library contained the following spells:

 Spells                   Type           Power      Damage    Failure   Level
 Searing Ray              Conj           34%        2d5       4%          2
 Dazzling Flash           Conj/Hex       18%        N/A       22%         3
 Fulminant Prism          Conj/Hex       4%         3d5       56%         4
 Iskenderun's Mystic Bla  Conj/Tloc      9%         2d4       56%         4


Dungeon Overview and Level Annotations

Branches:
Dungeon (2/15)

Altars:


Innate Abilities, Weirdness & Mutations

You have sharp claws.
You have razor-sharp teeth.
You have supernaturally acute eyesight. (SInv)
You cover ground quickly. (Speed+)
You are covered in fur. (AC +1)
Your paws help you pounce on unaware monsters.
You are incapable of wielding weapons or throwing items.
You cannot wear armour.
You gain extra lives every three experience levels.


Message History

Found a faded altar of an unknown god.
You see here 13 gold pieces.
You see here 13 gold pieces.
You now have 53 gold pieces (gained 13).
The worm barely misses you.
Casting: Magic Dart (safe; 3% risk of failure)
Confirm with . or Enter, or press ? or * to list all spells.
Aiming: Magic Dart (safe; 3% risk of failure)
Press: ? - help, Shift-Dir - straight line, f - worm
Aim: a worm (100% to hit)
The magic dart hits the worm.
The worm is moderately wounded.
The worm completely misses you.
You scratch the worm.
The worm is moderately wounded.
The hobgoblin shouts!
You scratch the worm but do no damage. You bite the worm.
The worm is moderately wounded.
The worm misses you.
You barely miss the worm. You bite the worm.
The worm is moderately wounded.
The worm bites you.
You barely miss the worm. Your bite misses the worm.
The worm is moderately wounded.
You scratch the worm. Your bite misses the worm.
The worm is heavily wounded.
A bat comes into view.
The worm barely misses you.
You barely miss the worm. Your bite misses the worm.
The worm is moderately wounded.
You scratch the worm. You bite the worm.
The worm is severely wounded.
The worm bites you but does no damage. The hobgoblin hits you.
You scratch the worm but do no damage.
The worm is heavily wounded.
The bat closely misses you.
A worm comes into view.
The worm bites you!
Ouch! That really hurt!
You die...

##........#.###)....
###.........#........w
......................
..#................._
#....##.†.....###..###
......#†#...b.........
...........<..........
...............g....#
.......###..#.@w...##
...........#.......#
..............######
......#.......#
..........###.#
......###. #.# ......
#. #.. #... #....


You could see 2 worms, a hobgoblin and a bat.

Vanquished Creatures
  A dart slug (D:2)
  3 ball pythons
  2 bats
  2 endoplasms (D:1)
  A giant cockroach (D:2)
  A goblin (D:1)
  2 jackals (D:1)
  A kobold (D:1)
  A quokka (D:1)
  2 frilled lizards (D:1)
  2 rats
18 creatures vanquished.

Notes
Turn   | Place    | Note
-------+----------+-------------------------------------------
     0 | D:1      | shadowstone the Felid Conjurer began the quest for the Orb.
     0 | D:1      | Reached XP level 1. HP: 7/7 MP: 4/4
   239 | D:1      | Reached skill level 4 in Conjurations
   239 | D:1      | Reached XP level 2. HP: 5/11 MP: 6/6
   849 | D:2      | Found a faded altar of an unknown god.
   874 | D:2      | Slain by a worm

Illustrated notes

Levels and vault maps discovered:
D:1:      onia_arrival_mini_maze, layout_loops_cross
D:2:      layout_rooms, hellmonk_ecumenical_altar_lost_god, minmay_crystal_room

Skill      XL: |  1  2 |
---------------+-------+-----
Conjurations   | 4 |  4.1
Stealth        | 3 |  3.1
Dodging        | |  2.8
Unarmed Combat | |  0.3
Spellcasting   | |  2.0

Action                     || total
---------------------------++-------
  Melee: Unarmed           ||    70
         Bite              ||     6
         Punch             ||     1
   Cast: Magic Dart        ||     9
   Stab: Sleeping          ||     6
 Armour: Skin              ||    12
  Dodge: Dodged            ||    61
